 Dungeon Crawl Stone Soup version 0.25-a0-426-g7d9e569eea (webtiles) character file.

Game seed: 7531355765766232330, levelgen mode: deterministic

989 ChaosChampion the Sneak (level 8, -1/51 HPs)
             Began as an Octopode Transmuter on Jan 25, 2020.
             Was an Initiate of Cheibriados.
             Slain by a bullfrog (8 damage)
             ... on level 6 of the Dungeon.
             The game lasted 00:08:47 (4207 turns).

ChaosChampion the Sneak (Octopode Transmuter)       Turns: 4207, Time: 00:08:47

Health: -1/51      AC:  1    Str: 11    XL:     8   Next: 18%
Magic:  7/14       EV: 14    Int: 18    God:    Cheibriados [......]
Gold:   201        SH:  0    Dex: 13    Spells: 9/15 levels left

rFire    . . .     SeeInvis .     - Unarmed
rCold    . . .     Gourm    .   (no shield)
rNeg     . . .     Faith    .   (helmet restricted)
rPois    .         Spirit   .   (no amulet)
rElec    .         Reflect  .   (no ring)
rCorr    .         Harm     .   (no ring)
MR       .....                  (no ring)
Stlth    ++++......             (no ring)
HPRegen  0.17/turn              (no ring)
MPRegen  0.14/turn              (no ring)
                                (no ring)
                                (no ring)

@: slow
A: almost no armour, stealthy swim, amphibious, 8 rings, constrict 8, camouflage
1, gelatinous body 1
a: Bend Time, Renounce Religion


You were on level 6 of the Dungeon.
You worshipped Cheibriados.
Cheibriados was noncommittal.
You were not hungry.

You visited 1 branch of the dungeon, and saw 6 of its levels.

You collected 201 gold pieces.

Inventory:

Missiles
 a - 127 arrows
 h - 7 poisoned darts (quivered)
 o - 12 bolts
Armour
 r - a +2 robe of cold resistance
Jewellery
 m - an uncursed amulet of harm
Wands
 q - a wand of polymorph (1)
Scrolls
 d - 2 scrolls of teleportation
 e - 3 scrolls of random uselessness
 f - a scroll of noise {unknown}
 g - a scroll of identify
 l - a scroll of amnesia
 n - 4 scrolls of remove curse
Potions
 b - 4 potions of curing
 i - 3 potions of agility
 j - a potion of lignification
 k - a potion of brilliance {unknown}
 s - 3 potions of might
 u - a potion of heal wounds
Comestibles
 c - 10 rations


   Skills:
 + Level 2.8 Fighting
 + Level 3.4 Dodging
 * Level 5.5 Stealth
 * Level 5.0 Unarmed Combat
 * Level 4.2 Spellcasting
 * Level 4.4 Transmutations


You had 9 spell levels left.
You knew the following spells:

 Your Spells              Type           Power        Failure   Level  Hunger
a - Beastly Appendage     Tmut           ###...       2%          1    None
b - Sticks to Snakes      Tmut           ###.....     3%          2    ##.....
c - Spider Form           Tmut/Pois      ##........   17%         3    ###....

Your spell library contained the following spells:

 Spells                   Type           Power        Failure   Level  Hunger
 Summon Small Mammal      Summ           #...         14%         1    None
 Call Imp                 Summ           #.......     22%         2    ##.....
 Call Canine Familiar     Summ           #.......     41%         3    ###....
 Summon Guardian Golem    Hex/Summ       #.......     41%         3    ###....
 Ice Form                 Ice/Tmut       ##......     50%         4    ####...
 Blade Hands              Tmut           ###.......   54%         5    ######.
 Summon Ice Beast         Ice/Summ       #.......     82%         4    ####...
 Summon Lightning Spire   Summ/Air       #.......     82%         4    ####...


Dungeon Overview and Level Annotations

Branches:
Dungeon (6/15)
 Temple: D:4-7

Altars:
Cheibriados
Dithmenos
Hepliaklqana
Xom


Innate Abilities, Weirdness & Mutations

You cannot wear most types of armour.
You are very stealthy in the water. (Stealth+)
You are amphibious.
You can wear up to eight rings at the same time.
You can use your tentacles to constrict eight enemies at once.
Your skin changes colour to match your surroundings (Stealth+).
Your rubbery body absorbs attacks. (AC +1, EV +1)


Message History

The bullfrog hits your ball python!
Your ball python dies!
Your adder bites the bullfrog.
The bullfrog is poisoned.
Your adder poisons the bullfrog!
The bullfrog gives a loud, deep croak!
The bullfrog misses you.
Your adder closely misses the bullfrog.
The bullfrog hits you!
* * * LOW HITPOINT WARNING * * *
The orc wizard casts a spell.
The orc wizard seems to speed up.
You are too injured to fight recklessly!
You barely miss the bullfrog. Your grab misses the bullfrog.
The bullfrog is heavily wounded.
The bullfrog hits you!
* * * LOW HITPOINT WARNING * * *
Your adder bites the bullfrog.
The orc wizard gestures wildly while chanting.
The orc wizard blinks!
The bullfrog hits you!
You die...

#.#§###...†.#.....##
#.#..#...##...>....##
#.##÷#..###...###...##
..#....## #...#
##...## ..#..o## #.<.#
##...# #.#o.# ##..#
##... #...S# #..# ##..
#...F# #>.# ##.
#...@## #..# #.
#^....###..# ####.
#......#..# #....
##.........# ##....
##.........# #†.... ##
##..###....## ##...†.
##.. ##..## #....#
##...... ##...####..##
##....## ##..####.
#.....#...##
#...#..####..## #.


You could see a bullfrog, an orc wizard, an orc and a friendly adder.

Vanquished Creatures
  Sigmund (D:3)
  A phantom (D:4)
  A centaur (D:5)
  2 bullfrogs (D:6)
  A crimson imp (D:5)
  2 hounds
  An orc priest (D:5)
  2 orc wizards (D:5)
  4 worker ants
  Natasha (D:3)
  A killer bee zombie (D:6)
  A hound skeleton (D:5)
  A gnoll (D:6)
  8 adders
  A shadow imp (D:5)
  2 oozes
  5 worms
  3 dart slugs (D:1)
  6 leopard geckos
  11 orcs
  8 bats
  2 giant cockroaches
  11 goblins
  7 hobgoblins
  2 jackals (D:2)
  4 quokkas
  3 ball pythons
  9 frilled lizards
  A jackal skeleton (D:4)
  5 kobolds
  A quokka skeleton (D:5)
  7 rats
115 creatures vanquished.

Vanquished Creatures (collateral kills)
  An adder (D:4)
  An orc (D:6)
  A frilled lizard (D:2)
3 creatures vanquished.

Grand Total: 118 creatures vanquished

Notes
Turn   | Place    | Note
-------+----------+-------------------------------------------
     0 | D:1      | ChaosChampion the Octopode Transmuter began the quest for
                  | the Orb.
     0 | D:1      | Reached XP level 1. HP: 13/13 MP: 3/3
   136 | D:1      | Reached skill level 1 in Stealth
   136 | D:1      | Reached XP level 2. HP: 15/18 MP: 3/5
   273 | D:1      | Reached XP level 3. HP: 23/23 MP: 4/6
   501 | D:1      | Learned a level 2 spell: Sticks to Snakes
   505 | D:1      | Learned a level 3 spell: Spider Form
   773 | D:2      | Reached XP level 4. HP: 26/28 MP: 3/7
  1669 | D:2      | Found a hazy altar of Hepliaklqana.
  1704 | D:3      | Noticed Sigmund
  1838 | D:3      | Killed Sigmund
  1838 | D:3      | Reached XP level 5. HP: 34/34 MP: 3/9
  1838 | D:3      | Reached XP level 6. HP: 39/39 MP: 3/10
  2098 | D:3      | Noticed Natasha
  2110 | D:3      | Killed Natasha
  2202 | D:3      | Found a shadowy altar of Dithmenos.
  2617 | D:4      | Noticed a phantom
  2638 | D:4      | Killed a phantom
  2638 | D:4      | Reached XP level 7. HP: 27/45 MP: 8/12
  3244 | D:5      | Entered Level 5 of the Dungeon
  3335 | D:5      | Found a snail-covered altar of Cheibriados.
  3337 | D:5      | Found a sacrificial altar of Ru.
  3337 | D:5      | Found a shadowy altar of Dithmenos.
  3339 | D:5      | Found a burning altar of Makhleb.
  3339 | D:5      | Found a shimmering altar of Xom.
  3339 | D:5      | Found a radiant altar of Vehumet.
  3651 | D:5      | Reached skill level 5 in Stealth
  3997 | D:6      | Reached XP level 8. HP: 26/51 MP: 12/14
  4107 | D:6      | Found a snail-covered altar of Cheibriados.
  4124 | D:6      | Became a worshipper of Cheibriados the Contemplative
  4166 | D:6      | Reached skill level 5 in Unarmed Combat
  4207 | D:6      | Slain by a bullfrog

Levels and vault maps discovered:
D:1:      minmay_arrival_widening_spiral_wide, layout_loops_ring,
          minmay_domino_4
D:2:      layout_loops_ring, lemuel_coloured_pillars_altar, first_ration,
          hex_large
D:3:      layout_loops_ring, grunt_dithmenos_smoke, uniq_sigmund, uniq_natasha
D:4:      layout_cave_pools
D:5:      layout_basic, doesnt_xom_only_xom, minivault_19
D:6:      minmay_recursive_quarters, layout_layer_cave, slow_altar_1

Skill      XL: |  1  2  3  4  5  6  7  8 |
---------------+-------------------------+-----
Stealth        | 1 3 4 5 |  5.5
Fighting       | 2 |  2.8
Spellcasting   | 3 4 |  4.2
Transmutations | 3 4 |  4.4
Unarmed Combat | 4 5 |  5.0
Dodging        | 3 |  3.4

Action                   |  1- 3 |  4- 6 |  7- 9 || total
-------------------------+-------+-------+-------++-------
Melee: Unarmed           |    69 |   144 |   126 ||   339
       Kick              |    11 |       |       ||    11
       Constrict         |    16 |    12 |     5 ||    33
       Tentacles         |     4 |    13 |     3 ||    20
       Punch             |       |     1 |       ||     1
 Cast: Beastly Appendage |    11 |     2 |       ||    13
       Spider Form       |     5 |    18 |    16 ||    39
       Sticks to Snakes  |       |     3 |     7 ||    10
  Use: Scroll            |       |       |    14 ||    14
 Stab: Sleeping          |    11 |     9 |     6 ||    26
  Eat: Chunk             |       |    10 |     6 ||    16
Armor: Skin              |     3 |    17 |     2 ||    22
Dodge: Dodged            |    43 |   106 |   107 ||   256

Table legend:
 A = Non-vault XP
 B = Vault XP
 C = Vault XP percentage of total XP
 D = Non-vault monster count
 E = Vault monster count
 F = Vault count percentage of total count
                 A         B        C        D         E       F
            +---------+---------+-------+---------+---------+-------
      Total |    1125 |     289 |  20.4 |     111 |       7 |   5.9
            +---------+---------+-------+---------+---------+-------
        D:1 |      67 |       7 |   9.5 |      33 |       3 |   8.3
        D:2 |      66 |       0 |   0.0 |      18 |       0 |   0.0
        D:3 |      64 |     245 |  79.3 |      16 |       2 |  11.1
        D:4 |     244 |       0 |   0.0 |      14 |       0 |   0.0
        D:5 |     408 |       0 |   0.0 |      22 |       0 |   0.0
        D:6 |     276 |      37 |  11.8 |       8 |       2 |  20.0
            +---------+---------+-------+---------+---------+-------
